 Dungeon Crawl Stone Soup version 0.20.1-1-g8b1a95d (webtiles) character file.

239 poirepourri the Cudgeler (level 6, -1/37 HPs)
             Began as a Gargoyle Fighter on July 30, 2017.
             Slain by an ice beast (11 damage)
             ... on level 4 of the Dungeon.
             The game lasted 00:04:20 (3009 turns).

poirepourri the Cudgeler (Gargoyle Fighter)         Turns: 3009, Time: 00:04:20

Health: -1/37      AC: 12    Str: 19    XL:     6   Next: 7%
Magic:  6/6        EV:  7    Int: 12    God:
Gold:   125        SH: 10    Dex: 11    Spells: 5/5 levels left

rFire    . . .     SeeInvis .   a - +1 flail
rCold    . . .     Gourm    .   c - +1 shield
rNeg     + . .     Faith    .   b - +0 scale mail
rPois    ∞         Spirit   .   (no helmet)
rElec    +         Reflect  .   (no cloak)
rCorr    .         Harm     .   (no gloves)
MR       .....                  r - +0 pair of boots
Stlth    ..........             m - amulet of rage
Regen    0.2/turn               u - +3 ring of intelligence
MPRegen  0.1/turn               (no ring)

@: about to teleport
A: negative energy resistance 1, electricity resistance, unbreathing,
petrification resistance, rot immunity, AC +4
a: Evoke Berserk Rage


You were on level 4 of the Dungeon.
You were full.

You visited 1 branch of the dungeon, and saw 4 of its levels.

You collected 125 gold pieces.

Inventory:

Hand Weapons
 a - a +1 flail (weapon)
Missiles
 l - 2 tomahawks (quivered)
Armour
 b - a +0 scale mail (worn)
 c - a +1 shield (worn)
 r - a +0 pair of boots (worn)
Jewellery
 m - an amulet of rage (around neck)
 u - a +3 ring of intelligence (left hand)
Scrolls
 g - 2 scrolls of remove curse
Potions
 d - a potion of might
 e - a potion of ambrosia {unknown}
 h - a potion of invisibility {unknown}
 i - 2 potions of lignification {unknown}
 j - a potion of mutation {unknown}
 k - a potion of brilliance {unknown}
 n - a potion of heal wounds {unknown}
 o - a potion of curing {unknown}
Comestibles
 q - a royal jelly
 s - 2 bread rations


   Skills:
 - Level 3.2 Fighting
 + Level 6.1 Maces & Flails
 - Level 3.2 Armour
 - Level 3.2 Shields


You had 5 spell levels left.
You didn't know any spells.

Dungeon Overview and Level Annotations

Branches:
Dungeon (4/15)
 Temple: D:4-7

Altars:
Ru

Shops:
D:4 =


Innate Abilities, Weirdness & Mutations

You are resistant to torment.
Your stone body is resilient. (AC +4)
You are immune to poison.
You resist negative energy. (rN+)
You are resistant to electric shocks. (rElec)
You can survive without breathing.
You are immune to petrification.
You are immune to rotting.


Message History

The orc hits you but does no damage.
You closely miss the ice beast. The ice beast hits you.
The ice beast freezes you! The orc hits you but does no damage.
You barely miss the ice beast. The ice beast hits you.
The ice beast freezes you!
* * * LOW HITPOINT WARNING * * *
You block the orc's attack. You block the ice beast's attack.
Your shield prevents you from hitting the ice beast.
You block the orc's attack.
The ice beast hits you but does no damage.
Your shield and scale mail prevent you from hitting the ice beast.
The ice beast hits you but does no damage.
The orc hits you but does no damage.
You closely miss the ice beast. You block the ice beast's attack.
You block the orc's attack.
As you read the scroll of teleportation, it crumbles to dust.
You feel strangely unstable. The ice beast hits you.
* * * LOW HITPOINT WARNING * * *
The ice beast freezes you!
You die...

..........####..#.#
........................
..................##.#.#
##................##....
...............#####....
..............# ##...
..##...........######...
........o...............
......Y@................
..............####......
..######....#.####+###..
..######....#..##.......
...............##.......
.#.#............#.......
................##+#+#..
.#.#.#..................
...........#......##.#..


You could see an ice beast and an orc.

Vanquished Creatures
  An orc priest (D:3)
  A bullfrog skeleton (D:4)
  An orc wizard (D:4)
  7 adders
  An ooze (D:2)
  A worm (D:3)
  2 dart slugs (D:1)
  A leopard gecko (D:3)
  5 orcs
  A giant cockroach (D:3)
  9 hobgoblins
  13 jackals
  A ball python (D:2)
  6 bats
  2 frilled lizards
  9 goblins
  8 kobolds
  7 rats
76 creatures vanquished.

Notes
Turn   | Place    | Note
-------+----------+-------------------------------------------
     0 | D:1      | poirepourri the Gargoyle Fighter began the quest for the Orb.
     0 | D:1      | Reached XP level 1. HP: 14/14 MP: 1/1
   439 | D:1      | Reached XP level 2. HP: 16/19 MP: 2/2
   551 | D:1      | Reached skill level 3 in Maces & Flails
   859 | D:1      | Reached XP level 3. HP: 23/23 MP: 3/3
  1041 | D:2      | Reached skill level 4 in Maces & Flails
  1279 | D:2      | Reached XP level 4. HP: 28/28 MP: 4/4
  1289 | D:2      | Found a sacrificial altar of Ru.
  2127 | D:3      | Reached skill level 5 in Maces & Flails
  2127 | D:3      | Reached XP level 5. HP: 32/32 MP: 5/5
  2826 | D:4      | Reached skill level 6 in Maces & Flails
  2826 | D:4      | Reached XP level 6. HP: 23/37 MP: 6/6
  2964 | D:4      | Found Zofifer's Jewellery Shoppe.
  2994 | D:4      | Noticed an ice beast
  3009 | D:4      | Slain by an ice beast

Skill      XL: |  1  2  3  4  5 |
---------------+----------------+-----
Maces & Flails | 3 4 5 6 |  6.1
Fighting       | |  3.2
Armour         | |  3.2
Shields        | |  3.2

Action                   |  1- 3 |  4- 6 || total
-------------------------+-------+-------++-------
Melee: Flail             |   104 |   172 ||   276
  Use: Scroll            |     4 |     3 ||     7
  Eat: Chunk             |     1 |     1 ||     2
       Bread ration      |       |     1 ||     1
       Meat ration       |       |     1 ||     1
       Fruit             |       |     1 ||     1
Armor: Scale mail        |   114 |    90 ||   204
Dodge: Dodged            |    65 |    52 ||   117
Block: Shield            |   119 |    99 ||   218
